 Dungeon Crawl Stone Soup version 0.23.2-40-g277498a001 (webtiles) character file.

Game seed: 15432842026097965149

13 BigDickFurry666 the Charmwright (level 2, 0/13 HPs)
             Began as a Felid Skald on Aug 18, 2019.
             Slain by a goblin
             ... wielding a +0 club
              (7 damage)
             ... on level 1 of the Dungeon.
             The game lasted 00:09:09 (358 turns).

BigDickFurry666 the Charmwright (Felid Skald)        Turns: 358, Time: 00:09:10

Health: 0/13       AC:  1    Str:  7    XL:     2   Next: 24%
Magic:  4/6        EV: 18    Int: 14    God:
Gold:   8          SH:  0    Dex: 15    Spells: 4/5 levels left
                                        Lives:  0   Deaths: 0

rFire    . . .     SeeInvis +     - Unarmed
rCold    . . .     Gourm    .   (shield unavailable)
rNeg     . . .     Faith    .   (armour unavailable)
rPois    .         Spirit   .   (helmet unavailable)
rElec    .         Reflect  .   (cloak unavailable)
rCorr    .         Harm     .   (gloves unavailable)
MR       .....                  (boots unavailable)
Stlth    ++........             (no amulet)
HPRegen  0.04/turn              (no ring)
MPRegen  0.10/turn              (no ring)

@: infused, quick
A: very small, no armour, no weapons or thrown items, stealth, claws 1, fangs 3,
see invisible, carnivore, speed 1, shaggy fur 1, slow metabolism 1, sharp paws
a: no special abilities


You were on level 1 of the Dungeon.
You were very full.

You visited 1 branch of the dungeon, and saw 1 of its levels.

You collected 8 gold pieces.

Inventory:

Hand Weapons
 d - a +0 club
 e - a +0 hunting sling
 f - a +0 club
Jewellery
 g - an uncursed ring of magical power {unknown}
Scrolls
 h - a scroll of remove curse {unknown}
 i - a scroll of teleportation {unknown}
Potions
 a - a potion of curing {unknown}
Comestibles
 b - 2 rations
 c - 6 chunks of flesh


   Skills:
 - Level 2.0 Fighting
 - Level 3.2 Dodging
 + Level 3.0 Unarmed Combat
 - Level 2.0 Spellcasting
 - Level 3.6 Charms


You had 4 spell levels left.
You knew the following spells:

 Your Spells              Type           Power        Failure   Level  Hunger
a - Infusion              Chrm           ##..         5%          1    ##.....

Your spell library contained the following spells:

 Spells                   Type           Power        Failure   Level  Hunger
 Song of Slaying          Chrm           ##......     9%          2    ###....
 Shroud of Golubria       Chrm/Tloc      #.........   17%         2    ###....
 Regeneration             Chrm/Necr      #.........   34%         3    ####...
 Spectral Weapon          Hex/Chrm       Unusable     N/A         3    N/A

Dungeon Overview and Level Annotations

Branches:
Dungeon (1/15)

Altars:


Innate Abilities, Weirdness & Mutations

You cannot wear armour.
You are incapable of wielding weapons or throwing items.
Your paws allow you to move quietly. (Stealth)
You have sharp claws.
You have razor-sharp teeth.
You have supernaturally acute eyesight. (SInv)
You are carnivorous and can eat meat at any time.
You cover ground quickly.
You are covered in fur. (AC +1)
You have a slow metabolism.
Your sharp claws are effective at attacking unaware monsters.


Message History

You scratch the frilled lizard!
You kill the frilled lizard!
Your Unarmed Combat skill increases to level 3!
You see here a frilled lizard corpse.
You butcher the frilled lizard corpse.
c - 6 chunks of flesh (gained 1)
You see here a frilled lizard skeleton.
Found a stone staircase leading down.
Your magical infusion is running out.
You see here a scroll labeled PAPIPS ELYL.
i - a scroll labeled PAPIPS ELYL The goblin shouts!
You are no longer magically infusing your attacks.
You see here a rat skeleton.
Casting: Infusion (safe; 5% risk of failure)
Confirm with . or Enter, or press ? or * to list all spells.
You begin infusing your attacks with magical energy.
You closely miss the goblin. The goblin hits you with a +0 club!
Ouch! That really hurt!
You die...

####'## #.# ........##.#
########## .........#.#
#......... #...........#.##
#........÷ #...........#..#
#......... #...........#..#
##.........
#...........#..#####.........#
#...........g@...............h
#...........##...............#
#...........##.#.....######.##
#...........##....##.######.##
....#.......##..............#
. #.......##..####...##...#
#..##.#.....÷.÷..#.##...##
#.....#.##..####.#.......#
....####.##.......#.##.....


You could see a goblin.

Vanquished Creatures
  2 hobgoblins (D:1)
  4 jackals (D:1)
  A bat (D:1)
  A frilled lizard (D:1)
  5 rats (D:1)
13 creatures vanquished.

Notes
Turn   | Place    | Note
-------+----------+-------------------------------------------
     0 | D:1      | BigDickFurry666 the Felid Skald began the quest for the
                  | Orb.
     0 | D:1      | Reached XP level 1. HP: 9/9 MP: 4/4
   237 | D:1      | Reached XP level 2. HP: 4/13 MP: 0/6
   358 | D:1      | Slain by a goblin

Skill      XL: |  1  2 |
---------------+-------+-----
Unarmed Combat | 3 |  3.0
Fighting       | |  2.0
Dodging        | |  3.2
Spellcasting   | |  2.0
Charms         | |  3.6

Action                   || total
-------------------------++-------
Melee: Unarmed           ||    38
       Bite              ||     1
 Cast: Infusion          ||     6
  Eat: Chunk             ||     4
Armor: Skin              ||     1
Dodge: Dodged            ||    27
